 Dungeon Crawl Stone Soup version 0.30.1-4-g462c640d31 (webtiles) character file.

Game seed: 18050778680297550860

3 Arctor the Caller (level 1, 0/10 HPs)
             Began as a Deep Elf Summoner on Aug 17, 2023.
             Slain by a kobold
             ... wielding a +2 vampiric short sword
              (5 damage)
             ... on level 1 of the Dungeon.
             The game lasted 00:00:18 (240 turns).

Arctor the Caller (Deep Elf Summoner)                Turns: 240, Time: 00:00:18

Health: 0/10       AC:  2    Str:  5    XL:     1   Next: 41%
Magic:  6/6        EV: 12    Int: 19    God:
Gold:   29         SH:  0    Dex: 15    Spells: 5/6 levels left

rFire   . . .        e - +0 dagger (elec)
rCold   . . .        (no shield)
rNeg    . . .        a - +0 robe
rPois   .            (no helmet)
rElec   .            (no cloak)
rCorr   .            (no gloves)
SInv    .            (no boots)
Will    .....        (no amulet)
Stlth   ++           (no ring)
HPRegen 0.21/turn    (no ring)
MPRegen 0.10/turn

%: no passive effects
@: no status effects
A: no striking features
a: no special abilities


You were on level 1 of the Dungeon.
You visited 1 branch of the dungeon, and saw 1 of its levels.

You collected 29 gold pieces.

Inventory:

Hand Weapons
 e - a +0 dagger of electrocution (weapon)
Armour
 a - a +0 robe (worn)
Scrolls
 d - a scroll of enchant armour {unknown}
Potions
 b - a potion of magic
 c - a potion of heal wounds {unknown}


   Skills:
 + Level 2.5 Dodging
 + Level 2.5 Stealth
 + Level 3.1 Spellcasting
 + Level 4.4 Summonings


You had 5 spell levels left.
You knew the following spells:

 Your Spells              Type           Power      Damage    Failure   Level
a - Summon Small Mammal   Summ           76%        N/A       2%          1

Your spell library contained the following spells:

 Spells                   Type           Power      Damage    Failure   Level
 Call Imp                 Summ           38%        N/A       3%          2
 Call Canine Familiar     Summ           19%        N/A       8%          3
 Summon Guardian Golem    Hex/Summ       11%        N/A       19%         3
 Summon Lightning Spire   Summ/Air       11%        N/A       52%         4


Dungeon Overview and Level Annotations

Branches:
Dungeon (1/15)

Altars:

Shops:
D:1 !


Message History

You barely miss the goblin.
Your rat bites the goblin.
The goblin closely misses your rat.
You hit the goblin.
You kill the goblin!
Unknown command.
No target in view!
You see here a +0 dagger of electrocution.
e - a +0 dagger of electrocution You hear the crackle of electricity.
e - a +0 dagger of electrocution (weapon)
Found Ximuarchi's Distillery.
No target in view!
You open the door.
There is an open translucent door here.
There is an entrance to Ximuarchi's Distillery here.
You swap places.
There is an open translucent door here.
Your rat disappears in a puff of smoke!
Found a stone staircase leading down.
You now have 29 gold pieces (gained 12).
Key pressed, stopping explore.
No target in view!
There is a stone staircase leading down here.
A kobold comes into view.
It is wielding a +2 vampiric short sword.
You hit the kobold but do no damage.
The kobold hits you with a +2 vampiric short sword.
A kobold is nearby!
You hit the kobold but do no damage.
The kobold hits you with a +2 vampiric short sword.
A kobold is nearby!
You are too injured to fight recklessly!
A kobold is nearby!
A kobold is nearby!
You are too injured to fight recklessly!
Unknown command.
You hit the kobold.
The kobold is moderately wounded.
The kobold hits you with a +2 vampiric short sword.
Ouch! That really hurt!
You die...

#.# #.#.# #.# #.#.# # ##
#######.# #.#.# . ...
........# #.#.# ####
##..#######.####.#.####
....
...........>...........
######
........###.####.#.####
.....#
###.###.###.####.#.#
.....#
#..K@............#
.....#
.............####...#
.....#
.............####...####
.....#
#....###.##..#.###......
.....# #....
......#.#∩#..#### .....#
.... ......#.#'#..#
..#### ###
.............# #.#
.##..#.....## #.##.. ..
#.##..#.#####


You could see a kobold.

Vanquished Creatures
  A goblin (D:1)
1 creature vanquished.

Vanquished Creatures (collateral kills)
  A frilled lizard (D:1)
  2 rats (D:1)
3 creatures vanquished.

Grand Total: 4 creatures vanquished

Notes
Turn   | Place    | Note
-------+----------+-------------------------------------------
     0 | D:1      | Arctor the Deep Elf Summoner began the quest for the Orb.
     0 | D:1      | Reached XP level 1. HP: 10/10 MP: 6/6
   187 | D:1      | Found Ximuarchi's Distillery.
   240 | D:1      | Slain by a kobold

Illustrated notes

Levels and vault maps discovered:
D:1:      dpeg_arrival_short_road, layout_basic, serial_shops,
          nicolae_shop_tiny_glass

Action                     || total
---------------------------++-------
  Melee: Unarmed           ||     7
         Dagger            ||     3
   Cast: Summon Small Mamm ||     7
 Armour: Robe              ||     2
  Dodge: Dodged            ||     3
